Map: Tours du crépuscule

Players

MaLash

  • Race: Terran Terran
  • League: Bronze

Crash

  • Race: Terran Terran
  • League: Platinum

Potato

  • Race: Zerg Zerg

Worming

  • Race: Zerg Zerg
  • League: Diamond

VOD

Have the link to the VOD?

Description

Time

  • Played on: June 5, 2016, 7:34 a.m.
  • Length: 15:56
Show
View Real Time Build Order
Export as new Build Order

MaLash Terran 

Build Orders: Hellion Banshee 

Get SALT Encoding   

  12  0:02  SCV  
  14  0:14  SCV  
  14  0:19  Supply Depot  
  14  0:26  SCV  
  15  0:41  Barracks, SCV  
  16  0:49  Refinery  
  16  0:53  SCV  
  17  1:05  SCV  
  18  1:20  SCV  
  19  1:31  Marine  
  20  1:33  Orbital Command  
  20  1:46  Command Center  
  20  1:52  Marine  
  21  2:00  Supply Depot  
  21  2:01  SCV  
  22  2:12  Factory  
  22  2:18  SCV  
  22  2:20  Barracks Reactor  
  23  2:30  SCV  
  24  2:40  Refinery  
  24  2:42  SCV  
  24  2:54  SCV  
  25  2:59  Starport  
  25  3:04  Orbital Command  
  25  3:10  SCV  
  25  3:12  Barracks Tech Lab, Hellion x2  
  30  3:22  SCV  
  31  3:34  SCV  
  31  3:39  Hellion x2  
  36  3:42  SCV  
  36  3:43  Barracks Reactor  
  36  3:46  Banshee, SCV  
  41  3:51  Cloaking Field, Supply Depot  
  41  3:54  SCV  
  42  3:58  SCV  
  42  4:01  Hellion  
  45  4:13  Hellion  
  47  4:17  SCV x2  
  47  4:22  Supply Depot  
  49  4:29  Hellion  
  51  4:34  Hellion  
  53  4:40  Supply Depot  
  53  4:41  Supply Depot  
  53  4:43  Banshee  
  53  4:44  SCV  
  57  4:47  SCV  
  57  4:49  Starport  
  57  4:50  Supply Depot  
  57  4:51  Refinery  
  57  4:52  Refinery  
  58  4:56  SCV  
  58  4:59  Hellion, SCV  
  62  5:02  Hellion  
  62  5:08  SCV  
  62  5:11  SCV  
  64  5:18  Liberator x2  
  64  5:33  SCV x2  
  64  5:34  Banshee  
  75  5:45  SCV  
  75  5:46  Command Center  
  75  5:47  SCV  
  77  5:51  Hellion  
  75  5:57  SCV  
  68  6:05  SCV  
  68  6:10  Barracks Tech Lab  
  68  6:11  SCV  
  68  6:14  Armory  
  68  6:17  Liberator, SCV  
  69  6:20  Hellion  
  69  6:21  Hellion  
  69  6:22  Banshee  
  69  6:23  SCV  
  77  6:29  SCV  
  77  6:30  Supply Depot  
  78  6:34  Engineering Bay  
  78  6:35  SCV  
  82  6:41  SCV  
  82  6:42  Hellion  
  82  6:44  Liberator  
  82  6:46  Supply Depot  
  85  6:52  Hellion  
  88  6:54  SCV  
  88  7:03  Hellion  
  93  7:13  Hellion  
  95  7:26  Banshee  
  95  7:29  Liberator x2  
  98  7:36  SCV x2  
  97  7:37  Orbital Command  
  94  7:45  Hellion x2  
  94  7:48  Terran Vehicle And Ship Armor Level 1, SCV  
  94  7:49  SCV  
  106  7:51  Fusion Core  
  106  8:01  SCV  
  106  8:02  Missile Turret  
  106  8:03  Missile Turret  
  104  8:08  Widow Mine x2  
  104  8:10  Barracks Reactor  
  104  8:11  Banshee  
  111  8:15  Missile Turret  
  111  8:19  Missile Turret  
  111  8:23  Missile Turret, Supply Depot  
  109  8:44  Orbital Command, Liberator, Missile Turret, Advanced Ballistics  
  109  8:45  Liberator  
  109  8:46  SCV  
  107  8:59  SCV  
  107  9:00  SCV  
  107  9:02  Banshee  
  118  9:11  SCV  
  118  9:12  SCV x2  
  118  9:16  Missile Turret  
  121  9:26  Starport  
  121  9:34  Starport  
  121  9:38  Refinery  
  121  9:39  Refinery  
  121  9:43  Missile Turret  
  121  9:44  Liberator  
  121  9:45  Liberator, Command Center  
  120  9:55  Command Center  
  119  10:00  Banshee  
  114  10:21  SCV x2  
  105  10:44  Marine  
  105  10:46  Widow Mine x2, Command Center  
  105  10:47  Banshee  
  113  10:51  Liberator x2  
  113  10:52  Liberator  
  112  10:57  SCV x3  
  112  10:59  Command Center  
  115  11:05  Starport Reactor  
  115  11:09  SCV  
  125  11:23  Hellion x2, Supply Depot, SCV  
  130  11:29  Liberator x3  
  127  11:33  Liberator  
  127  11:34  Liberator  
  135  11:51  Terran Vehicle And Ship Armor Level 2, Missile Turret  
  135  11:52  Missile Turret  
  135  11:53  Missile Turret  
  114  11:55  Barracks Reactor  
  114  11:59  Planetary Fortress  
  114  12:00  SCV  
  115  12:02  SCV  
  115  12:03  Liberator  
  109  12:16  Widow Mine  
  109  12:19  Refinery  
  109  12:22  Refinery  
  114  12:31  Supply Depot  
  114  12:38  Command Center  
  114  12:39  Viking x3  
  114  12:40  Viking  
  114  12:41  Battlecruiser  
  91  13:09  Command Center  
  91  13:13  Liberator x2  
  90  13:22  SCV x3  
  93  13:32  Hellion x2  
  103  13:35  Viking  
  103  13:36  Viking  
  103  13:37  Banshee  
  110  13:50  Missile Turret  
  110  13:53  Missile Turret  
  110  13:54  Missile Turret  
  110  13:56  Liberator x2, Sensor Tower  
  110  13:58  Sensor Tower  
  108  14:12  Viking x2  
  112  14:25  Liberator x2  
  72  14:38  Marine  
  72  14:39  Hellion  
  72  14:40  Hellion  
  64  15:02  Orbital Command  
  64  15:17  Viking  
  64  15:18  Viking x2  
  64  15:20  Marine  
  64  15:21  Hellion, Marine  
  66  15:22  Hellion  
Show
View Real Time Build Order
Export as new Build Order

Crash Terran 

Build Orders:  

Get SALT Encoding   

  12  0:01  Drone  
  13  0:13  Overlord  
  13  0:17  Drone  
  14  0:32  Drone x2  
  14  0:35  Drone  
  17  0:54  Hatchery  
  17  0:56  Drone  
  17  0:59  Extractor  
  17  1:01  Drone  
  17  1:17  Spawning Pool  
  16  1:21  Drone  
  16  1:22  Drone  
  18  1:36  Drone  
  19  1:45  Overlord  
  19  1:51  Drone  
  20  2:04  Queen  
  20  2:06  Queen  
  20  2:07  Metabolic Boost  
  24  2:09  Zergling x2  
  24  2:12  Zergling x2  
  26  2:21  Drone x2  
  28  2:30  Overlord  
  28  2:31  Drone  
  28  2:33  Drone  
  30  2:39  Drone  
  31  2:52  Drone  
  31  2:56  Drone  
  31  2:57  Drone  
  34  2:59  Hatchery  
  34  3:00  Drone  
  34  3:06  Overlord  
  34  3:19  Drone x6  
  40  3:23  Extractor  
  39  3:29  Zergling x6, Extractor  
  41  3:39  Roach Warren  
  41  3:41  Drone x2  
  42  3:49  Overlord  
  42  3:51  Drone x4  
  46  4:01  Drone x3  
  49  4:04  Queen  
  51  4:12  Drone  
  51  4:13  Drone x3  
  54  4:19  Lair  
  54  4:22  Roach  
  54  4:24  Roach  
  58  4:27  Roach  
  60  4:53  Roach x3  
  60  4:59  Overlord x2  
  64  5:00  Overlord, Extractor  
  62  5:12  Spore Crawler  
  62  5:14  Spore Crawler  
  57  5:17  Spore Crawler  
  57  5:19  Spore Crawler, Overseer  
  50  5:30  Drone x3  
  52  5:39  Queen  
  54  5:56  Drone x2  
  54  5:57  Drone x9  
  59  6:07  Spire  
  58  6:14  Drone, Glial Reconstitution  
  58  6:15  Drone x5  
  64  6:25  Overlord x2  
  64  6:28  Drone  
  64  6:30  Drone x2  
  67  6:46  Spire  
  66  6:53  Pneumatized Carapace  
  66  6:54  Overseer  
  66  7:06  Overseer  
  63  7:17  Ravager x2  
  63  7:18  Ravager x4  
  69  7:26  Mutalisk  
  69  7:27  Mutalisk x6  
  81  7:35  Extractor x2  
  76  7:47  Spore Crawler  
  76  7:48  Mutalisk x2  
  79  7:52  Zerg Flyer Weapons Level 1  
  79  8:09  Drone x5  
  79  8:10  Drone x7  
  91  8:13  Hatchery, Zerg Flyer Armor Level 1  
  90  8:20  Roach  
  90  8:26  Roach  
  90  8:27  Roach x2  
  98  8:38  Drone  
  99  8:49  Drone x2  
  99  8:50  Drone  
  99  8:53  Roach x2  
  99  8:54  Overlord x3  
  106  9:06  Overlord  
  106  9:07  Overlord  
  106  9:09  Spine Crawler  
  105  9:12  Queen  
  107  9:17  Mutalisk x4  
  107  9:18  Mutalisk x3  
  121  9:25  Drone x2  
  121  9:26  Drone x5  
  128  9:42  Roach  
  128  9:43  Roach x7  
  144  9:56  Overseer  
  138  10:14  Roach x9  
  149  10:24  Drone x3  
  149  10:26  Zerg Flyer Weapons Level 2  
  145  10:44  Ravager x4  
  145  10:45  Ravager  
  145  10:48  Drone x2  
  145  10:49  Overlord x3  
  152  10:50  Overlord x2  
  152  10:53  Extractor  
  151  10:58  Drone  
  152  11:06  Overlord x2  
  142  11:33  Corruptor x9  
  142  11:34  Corruptor x2  
  142  11:37  Drone x2  
  142  11:38  Drone x3  
  142  11:39  Drone x2  
  171  11:43  Drone x9  
  171  11:44  Drone x2, Extractor  
  171  11:45  Drone  
  174  11:55  Hatchery  
  173  12:12  Hatchery  
  135  12:59  Roach x4  
  135  13:00  Zergling x20, Roach x4  
  135  13:01  Roach x8  
  135  13:02  Overlord x3  
  167  13:12  Zerg Flyer Armor Level 2  
  167  13:16  Mutalisk  
  167  13:17  Mutalisk x4  
  167  13:19  Ravager x4  
  183  13:20  Ravager x2  
  183  13:28  Hydralisk Den  
  183  13:32  Infestation Pit x2  
  180  13:38  Evolution Chamber  
  180  13:40  Evolution Chamber  
  178  13:41  Evolution Chamber  
  178  13:42  Zergling x20, Roach x4  
  178  13:43  Zergling x10  
  200  13:52  Spore Crawler, Spine Crawler  
  200  13:53  Spore Crawler  
  196  14:22  Extractor  
  190  14:27  Extractor  
  153  14:47  Drone x8, Roach, Hydralisk  
  153  14:48  Roach x7, Hydralisk x7  
  187  15:01  Hatchery  
Show
View Real Time Build Order
Export as new Build Order

Potato Zerg 

Build Orders:  

Get SALT Encoding   

Show
View Real Time Build Order
Export as new Build Order

Worming Zerg 

Build Orders:  

Get SALT Encoding   

Tags
 
Add a new tag
Caveats
  • Supply blocks, unpowered buildings, or Contaminate may cause inaccurate times.
  • Supply counts are checked every 10 seconds.